Map: Triton LE

Players

pHARM

  • Race: Zerg Zerg
  • League: Platinum
  • Spawn Location: 11:00

Jupo - Winner!

  • Race: Terran Terran
  • League: Platinum
  • Spawn Location: 5:00

VOD

Have the link to the VOD?

Description

Time

  • Played on: Aug. 30, 2019, 9:24 p.m.
  • Length: 13:54
Show
View Real Time Build Order
Export as new Build Order

pHARM Zerg 

Build Orders: Hatch First 

Get SALT Encoding   

  12  0:01  Drone  
  13  0:12  Overlord  
  13  0:26  Drone  
  14  0:31  Drone x2  
  16  0:51  Hatchery  
  16  0:55  Drone  
  16  0:57  Drone  
  16  1:01  Drone  
  18  1:16  Spawning Pool  
  18  1:18  Drone  
  18  1:23  Drone  
  19  1:31  Drone  
  20  1:40  Extractor  
  20  1:45  Drone  
  20  1:52  Overlord  
  20  2:03  Queen x2  
  20  2:04  Zergling x2  
  20  2:05  Zergling x2  
  26  2:15  Drone x2  
  28  2:33  Drone  
  28  2:34  Drone  
  30  2:45  Drone  
  30  2:46  Drone x2  
  30  2:49  Queen  
  30  2:50  Metabolic Boost  
  35  2:54  Overlord  
  35  3:06  Drone  
  35  3:12  Queen  
  38  3:16  Drone x3  
  38  3:18  Overlord  
  41  3:28  Lair  
  41  3:32  Drone x3  
  44  3:47  Overlord x2  
  44  3:48  Drone x3  
  47  3:50  Baneling Nest  
  45  3:57  Extractor x2  
  43  4:04  Evolution Chamber  
  43  4:07  Evolution Chamber  
  41  4:19  Drone  
  41  4:20  Drone x7  
  49  4:36  Roach Warren  
  48  4:38  Zerg Melee Weapons Level 1  
  48  5:01  Zergling x16  
  54  5:08  Queen x2  
  52  5:28  Roach x6  
  56  5:44  Queen  
  56  5:48  Drone x2  
  60  5:59  Glial Reconstitution  
  60  6:02  Overlord x3  
  60  6:05  Zerg Ground Armor Level 1  
  60  6:19  Queen  
  62  6:26  Drone  
  63  6:36  Hatchery  
  62  6:49  Zerg Melee Weapons Level 2  
  62  6:53  Extractor  
  61  7:01  Infestation Pit  
  60  7:17  Hydralisk Den  
  60  7:30  Zergling x24  
  71  7:40  Hive  
  71  7:51  Baneling x8  
  71  7:53  Zergling x8  
  65  8:19  Zergling x2  
  56  8:20  Zergling x10  
  53  8:30  Zergling x2  
  53  8:31  Zergling x2  
  53  8:33  Zergling x2  
  53  8:34  Zergling x10  
  61  8:36  Zerg Ground Armor Level 2  
  61  8:44  Baneling x9  
  61  8:45  Roach, Baneling x3  
  61  8:46  Roach  
  57  9:10  Roach  
  57  9:11  Roach x7  
  57  9:16  Zerg Missile Weapons Level 1  
  61  9:31  Pneumatized Carapace  
  61  9:37  Roach  
  61  9:38  Roach x6  
  67  9:43  Roach x2  
  63  9:46  Roach  
  63  9:52  Zergling x2  
  55  10:26  Roach x8  
  71  10:35  Hatchery  
  70  11:40  Baneling Nest  
  70  11:43  Adrenal Glands, Ultralisk Cavern  
  68  11:47  Drone x10  
  68  11:48  Drone x2  
  80  12:12  Zergling x2  
  80  12:13  Zergling x14  
  84  12:21  Zergling x4  
  80  12:34  Zergling x8  
  80  12:36  Baneling  
  80  12:37  Baneling x9  
  79  12:40  Zergling x2  
  44  13:02  Zergling x2  
  44  13:03  Zergling x14  
  36  13:09  Zergling x2  
  36  13:10  Zergling x2  
  38  13:22  Baneling x11  
  38  13:23  Baneling x5  
  38  13:24  Zergling x2  
  38  13:25  Zergling x8  
Show
View Real Time Build Order
Export as new Build Order

Jupo Terran - Winner!

Build Orders: Mech 

Get SALT Encoding   

  12  0:01  SCV  
  13  0:16  SCV  
  13  0:20  Supply Depot  
  14  0:28  SCV  
  14  0:31  Refinery  
  15  0:42  SCV  
  16  0:45  Barracks  
  16  0:56  SCV  
  17  1:06  Barracks  
  17  1:10  SCV  
  18  1:22  SCV  
  19  1:32  Marine  
  19  1:34  Supply Depot  
  19  1:36  Orbital Command  
  20  1:44  Refinery  
  20  1:52  Marine  
  20  1:53  Barracks Reactor  
  21  2:05  Factory  
  21  2:11  SCV  
  22  2:15  Barracks Tech Lab  
  22  2:25  SCV  
  22  2:28  Supply Depot  
  23  2:36  Marine  
  23  2:37  SCV  
  25  2:49  SCV, Barracks Reactor  
  26  2:57  Hellion x2  
  30  3:01  SCV, Stimpack  
  31  3:13  SCV  
  32  3:21  Command Center  
  32  3:27  SCV  
  33  3:39  Hellion, SCV, Supply Depot  
  33  3:41  Hellion  
  38  3:56  SCV  
  38  4:00  Marine x2  
  38  4:02  Supply Depot  
  41  4:04  Hellion x2  
  45  4:24  Factory, Supply Depot  
  45  4:29  Hellion x2  
  49  4:36  Orbital Command  
  47  4:54  Orbital Command  
  47  4:57  Marine x2, Hellion x2  
  51  5:03  SCV  
  50  5:09  Factory  
  50  5:19  Hellion x2  
  48  5:32  Factory Reactor  
  46  5:42  Marine x3  
  45  5:44  SCV x2  
  49  5:54  Combat Shield, Refinery  
  49  5:56  SCV x2  
  49  5:57  Supply Depot  
  49  5:59  Factory Tech Lab  
  49  6:00  Marine x3  
  52  6:08  SCV x2  
  54  6:14  Refinery  
  54  6:18  Siege Tank  
  57  6:20  SCV, Supply Depot  
  57  6:22  Marine x3  
  61  6:32  Engineering Bay  
  61  6:33  SCV x2  
  61  6:35  Engineering Bay  
  61  6:37  Infernal Pre-Igniter  
  63  6:45  SCV  
  64  6:48  SCV  
  65  6:55  Siege Tank  
  65  6:57  SCV, Hellion x2  
  65  7:00  SCV  
  74  7:01  Supply Depot  
  74  7:05  Armory  
  74  7:10  Hellion  
  74  7:11  Marine, Hellion  
  74  7:13  SCV  
  80  7:26  Marine x2  
  80  7:27  Siege Tank  
  80  7:29  Marine  
  86  7:39  Command Center  
  86  7:44  Marine  
  87  7:53  Hellion x3  
  87  7:58  Terran Infantry Armor Level 1, Terran Infantry Weapons Level 1  
  77  8:19  Marine x3  
  64  8:29  Hellion  
  64  8:30  Hellion x4  
  74  8:36  Marine  
  74  8:37  Marine x2  
  72  8:49  SCV x2  
  72  8:51  Hellion x2  
  72  8:53  Siege Tank  
  72  8:54  Marine x2  
  72  8:55  Marine  
  84  9:01  SCV x2  
  84  9:11  Hellion x2  
  84  9:12  Marine x3, Hellion  
  84  9:13  SCV x2  
  91  9:25  SCV  
  91  9:30  Marine x2  
  75  9:46  Hellion x4  
  75  9:47  Hellion  
  85  9:52  Marine  
  85  9:53  Marine x2  
  83  10:07  Hellion  
  83  10:10  Marine, Siege Tank  
  83  10:11  Marine x2, Hellion x2  
  85  10:19  SCV  
  85  10:20  SCV  
  80  10:22  Orbital Command  
  80  10:25  Terran Infantry Weapons Level 2  
  80  10:28  Marine x2  
  79  10:29  Marine  
  79  10:32  SCV  
  79  10:34  Supply Depot  
  83  10:41  Hellion x2  
  83  10:42  Hellion  
  89  10:46  Marine x2  
  89  10:47  Marauder  
  93  10:52  Barracks x2  
  93  10:55  Barracks  
  93  10:58  SCV x3, Refinery  
  93  10:59  Refinery  
  93  11:02  Supply Depot  
  93  11:04  Supply Depot  
  96  11:16  Terran Vehicle Weapons Level 1  
  96  11:20  Hi-Sec Auto Tracking  
  96  11:24  Marine  
  96  11:25  Marine x2, Siege Tank  
  99  11:26  Hellion x2  
  106  11:33  Missile Turret  
  106  11:36  SCV x2  
  108  11:42  Marine x2, Barracks Reactor x2  
  108  11:43  Barracks Tech Lab  
  116  11:54  Hellion x4  
  116  11:55  Missile Turret  
  116  11:58  Siege Tank  
  121  12:15  Hellion  
  121  12:18  SCV  
  121  12:19  SCV x2  
  124  12:29  Marine x4  
  127  12:30  Marine x4  
  127  12:31  SCV x2  
  134  12:47  Marine  
  98  13:00  Marine x4  
  94  13:08  Marine x3  
  94  13:09  Marine  
  94  13:10  Hellion x5  
  108  13:18  Marine  
  109  13:28  Marine x7  
  109  13:31  Hellion x2  
  120  13:35  Missile Turret  
Tags
 
Composition
Mech
Matchup
TvZ
Replay Pack
10.7.19
Spawn Locations
Cross Positions
Add a new tag
Caveats
  • Supply blocks, unpowered buildings, or Contaminate may cause inaccurate times.
  • Supply counts are checked every 10 seconds.